PIO (24 & UNDER)
SASKATOON SMOKIN' GUNS @ EAU CLAIRE ESQUIRES
09/18/2029
 
TOP OF THE 1ST
Saskatoon Smokin' Guns batting - Pitching for Eau Claire Esquires : RHP Rafael Souza
Pitching: RHP Rafael Souza
Batting: LHB Rubén Salazar 0-0: Foul Ball, location: 2F
0-1: Ball
1-1: Foul Ball, location: 2F
1-2: Ball
2-2: Ball
3-2: Strikes out looking
Batting: RHB Rafael Gonzáles 0-0: Foul Ball, location: 2F
0-1: Called Strike
0-2: Strikes out swinging
Batting: SHB Ramiro Medrano 0-0: Swinging Strike
0-1: Ball
1-1: Called Strike
1-2: Foul Ball, location: 2F
1-2: Fly out, F3 (Popup, 3)
Top of the 1st over - 0 runs, 0 hits, 0 errors, 0 left on base; Saskatoon 0 - Eau Claire 0
BOTTOM OF THE 1ST
Eau Claire Esquires batting - Pitching for Saskatoon Smokin' Guns : LHP Jorge Gatán
Pitching: LHP Jorge Gatán
Batting: RHB Jason Smith 0-0: Foul Ball, location: 2F
0-1: Swinging Strike
0-2: SINGLE (Line Drive, 78S)
Batting: LHB Johnny Foley 0-0: Called Strike
0-1: Ball
1-1: Grounds into double play, 6-4-3 (Groundball, 6)
Batting: RHB Jonathan Reynolds 0-0: Ball
1-0: Called Strike
1-1: Called Strike
1-2: Ball
2-2: SINGLE (Line Drive, 5D)
Batting: RHB Silas Small 0-0: Ball
1-0: Fly out, F9 (Flyball, 9S)
Bottom of the 1st over - 0 runs, 2 hits, 0 errors, 1 left on base; Saskatoon 0 - Eau Claire 0
TOP OF THE 2ND
Saskatoon Smokin' Guns batting - Pitching for Eau Claire Esquires : RHP Rafael Souza
Batting: RHB Robbie Jenkins 0-0: SINGLE (Groundball, 6MD)
Batting: RHB Johnny Hawson 0-0: Ball
1-0: Swinging Strike
1-1: Called Strike
1-2: Ball
2-2: SINGLE (Line Drive, 4M)
Robbie Jenkins to second
Batting: LHB José Domínguez 0-0: Called Strike
0-1: Ball
1-1: Swinging Strike
1-2: Foul Ball, location: 2F
1-2: Strikes out swinging
Batting: RHB Juan Cardenas 0-0: Called Strike
0-1: Ball
1-1: Foul Ball, location: 2F
1-2: Strikes out swinging
Batting: RHB Mike Ratzlaff 0-0: Ball
1-0: Foul Ball, location: 2F
1-1: DOUBLE (Flyball, 8RXD)
Robbie Jenkins scores
Johnny Hawson to third
Batting: SHB Mathew Olson 0-0: Swinging Strike
0-1: Foul Ball, location: 2F
0-2: Strikes out looking
Top of the 2nd over - 1 run, 3 hits, 0 errors, 2 left on base; Saskatoon 1 - Eau Claire 0
BOTTOM OF THE 2ND
Eau Claire Esquires batting - Pitching for Saskatoon Smokin' Guns : LHP Jorge Gatán
Batting: RHB Luis Cherena 0-0: Ball
1-0: Ball
2-0: Ball
3-0: Base on Balls
Batting: LHB Steve Arnold 0-0: Foul Ball, location: 2F
0-1: Ball
1-1: SINGLE (Flyball, 8LS)
Luis Cherena to second
Batting: RHB Vincente Ramírez 0-0: Called Strike
0-1: Swinging Strike
0-2: Strikes out swinging
Batting: RHB Nick McIntyre 0-0: Ball
1-0: Ball
2-0: Ball
3-0: Called Strike
3-1: Base on Balls
Luis Cherena to third
Steve Arnold to second
Batting: RHB Matt Cole 0-0: Fly out, F8 (Flyball, 8LD)
Runner from 3rd tags up, SCORES, throw made
Batting: RHB Jason Smith 0-0: Called Strike
0-1: Called Strike
0-2: Ball
1-2: Foul Ball, location: 2F
1-2: Foul Ball, location: 2F
1-2: Strikes out swinging
Bottom of the 2nd over - 1 run, 1 hit, 0 errors, 2 left on base; Saskatoon 1 - Eau Claire 1
TOP OF THE 3RD
Saskatoon Smokin' Guns batting - Pitching for Eau Claire Esquires : RHP Rafael Souza
Batting: LHB Rubén Salazar 0-0: Ball
1-0: Ball
2-0: Foul Ball, location: 2F
2-1: Ball
3-1: Ground out 3-1 (Groundball, 34S)
Batting: RHB Rafael Gonzáles 0-0: Called Strike
0-1: Ball
1-1: Ball
2-1: Ball
3-1: Called Strike
3-2: Foul Ball, location: 2F
3-2: Fly out, F8 (Flyball, 8RM)
Batting: SHB Ramiro Medrano 0-0: Ball
1-0: Foul Ball, location: 2F
1-1: Ball
2-1: Foul Ball, location: 2F
2-2: Ball
3-2: SINGLE (Groundball, 3D)
Batting: RHB Robbie Jenkins 0-0: Called Strike
0-1: SINGLE (Groundball, 34D)
Ramiro Medrano to second
Runner from 2nd tries for 3rd, SAFE, throw made to third
Batting: RHB Johnny Hawson 0-0: Ball
1-0: Ball
2-0: Foul Ball, location: 2F
2-1: Ball
3-1: Called Strike
3-2: Foul Ball, location: 2F
3-2: Strikes out swinging
Top of the 3rd over - 0 runs, 2 hits, 0 errors, 2 left on base; Saskatoon 1 - Eau Claire 1
BOTTOM OF THE 3RD
Eau Claire Esquires batting - Pitching for Saskatoon Smokin' Guns : LHP Jorge Gatán
Batting: LHB Johnny Foley 0-0: Foul Ball, location: 2F
0-1: Foul Ball, location: 2F
0-2: Foul Ball, location: 2F
0-2: Hit by Pitch
Batting: RHB Jonathan Reynolds 0-0: Ball
1-0: Grounds into double play, 6-4-3 (Groundball, 6)
Batting: RHB Silas Small 0-0: Called Strike
0-1: Swinging Strike
0-2: Strikes out looking
Bottom of the 3rd over - 0 runs, 0 hits, 0 errors, 0 left on base; Saskatoon 1 - Eau Claire 1
TOP OF THE 4TH
Saskatoon Smokin' Guns batting - Pitching for Eau Claire Esquires : RHP Rafael Souza
Batting: LHB José Domínguez 0-0: Ball
1-0: Foul Ball, location: 2F
1-1: Foul Ball, location: 2F
1-2: Strikes out swinging
Batting: RHB Juan Cardenas 0-0: Ball
1-0: Called Strike
1-1: Ball
2-1: Fly out, F7 (Flyball, 7)
Batting: RHB Mike Ratzlaff 0-0: Called Strike
0-1: Ball
1-1: Ball
2-1: Foul Ball, location: 2F
2-2: Foul Ball, location: 2F
2-2: Foul Ball, location: 2F
2-2: Ball
3-2: Ground out 4-3 (Groundball, 4)
Top of the 4th over - 0 runs, 0 hits, 0 errors, 0 left on base; Saskatoon 1 - Eau Claire 1
BOTTOM OF THE 4TH
Eau Claire Esquires batting - Pitching for Saskatoon Smokin' Guns : LHP Jorge Gatán
Batting: RHB Luis Cherena 0-0: Foul Ball, location: 2F
0-1: Called Strike
0-2: Ground out 5-3 (Groundball, 5)
Batting: LHB Steve Arnold 0-0: Ball
1-0: Ball
2-0: Ball
3-0: Base on Balls
Batting: RHB Vincente Ramírez 0-0: Swinging Strike
0-1: Hit by Pitch
Steve Arnold to second
Batting: RHB Nick McIntyre 0-0: Called Strike
0-1: Ball
1-1: Foul Ball, location: 2F
1-2: Grounds into double play, 4-6-3 (Groundball, 4M)
Bottom of the 4th over - 0 runs, 0 hits, 0 errors, 1 left on base; Saskatoon 1 - Eau Claire 1
TOP OF THE 5TH
Saskatoon Smokin' Guns batting - Pitching for Eau Claire Esquires : RHP Rafael Souza
Batting: SHB Mathew Olson 0-0: Ball
1-0: Foul Ball, location: 2F
1-1: Ball
2-1: SINGLE (Flyball, 8RS)
Pitching: RHP Rich Wright
Batting: LHB Rubén Salazar 0-0: Ball
1-0: Ball
2-0: Ball
3-0: Called Strike
3-1: Base on Balls
Mathew Olson to second
Batting: RHB Rafael Gonzáles 0-0: Ball
1-0: Called Strike
1-1: Foul Ball, location: 2F
1-2: TRIPLE (Flyball, 8RXD)
Mathew Olson scores
Rubén Salazar scores
Batting: SHB Ramiro Medrano 0-0: Ball
1-0: Ball
2-0: Foul Ball, location: 2F
2-1: Ball
3-1: Base on Balls
Batting: RHB Robbie Jenkins 0-0: Called Strike
0-1: Fly out, F8 (Flyball, 8LS)
Runner from 3rd tags up, SCORES, throw made
Batting: RHB Johnny Hawson 0-0: Called Strike
0-1: SINGLE (Groundball, 25) (infield hit)
Ramiro Medrano to second
Batting: LHB José Domínguez 0-0: Called Strike
0-1: Foul Ball, location: 2F
0-2: Ball
1-2: Ball
2-2: Strikes out swinging
Batting: RHB Juan Cardenas 0-0: Called Strike
0-1: Hit by Pitch
Ramiro Medrano to third
Johnny Hawson to second
Batting: RHB Mike Ratzlaff 0-0: Foul Ball, location: 2F
0-1: Ball
1-1: Called Strike
1-2: Strikes out swinging
Top of the 5th over - 3 runs, 3 hits, 0 errors, 3 left on base; Saskatoon 4 - Eau Claire 1
BOTTOM OF THE 5TH
Eau Claire Esquires batting - Pitching for Saskatoon Smokin' Guns : LHP Jorge Gatán
Batting: RHB Matt Cole 0-0: Called Strike
0-1: Ground out 3-1 (Groundball, 34S)
Batting: RHB Jason Smith 0-0: Fly out, F7 (Flyball, 7S)
Batting: LHB Johnny Foley 0-0: Ball
1-0: Called Strike
1-1: Ball
2-1: Swinging Strike
2-2: Foul Ball, location: 2F
2-2: Ball
3-2: Foul Ball, location: 2F
3-2: Strikes out swinging
Bottom of the 5th over - 0 runs, 0 hits, 0 errors, 0 left on base; Saskatoon 4 - Eau Claire 1
TOP OF THE 6TH
Saskatoon Smokin' Guns batting - Pitching for Eau Claire Esquires : RHP Rich Wright
Pitching: LHP Mike Barr
Batting: SHB Mathew Olson 0-0: Ball
1-0: Fly out, F8 (Line Drive, 8LD)
Batting: LHB Rubén Salazar 0-0: Ball
1-0: Ball
2-0: Called Strike
2-1: Foul Ball, location: 2F
2-2: Ball
3-2: SINGLE (Groundball, 34D)
Batting: RHB Rafael Gonzáles 0-0: Foul Ball, location: 2F
0-1: Ball
1-1: Called Strike
1-2: Ball
2-2: Ball
Rubén Salazar steals 2nd base
3-2: Foul Ball, location: 2F
3-2: SINGLE (Flyball, 89M)
Rubén Salazar to third
Runner from 3rd tries for Home, SAFE, no throw
Batting: SHB Ramiro Medrano 0-0: Called Strike
0-1: Foul Ball, location: 2F
0-2: Ground out 5-3 (Groundball, 5S)
Rafael Gonzáles to second
Batting: RHB Robbie Jenkins 0-0: Ball
1-0: Fly out, F5 (Popup, 56)
Top of the 6th over - 1 run, 2 hits, 0 errors, 1 left on base; Saskatoon 5 - Eau Claire 1
BOTTOM OF THE 6TH
Eau Claire Esquires batting - Pitching for Saskatoon Smokin' Guns : LHP Jorge Gatán
Batting: RHB Jonathan Reynolds 0-0: Swinging Strike
0-1: Swinging Strike
0-2: Strikes out swinging
Batting: RHB Silas Small 0-0: Swinging Strike
0-1: Ball
1-1: Foul Ball, location: 2F
1-2: Hit by Pitch
Batting: RHB Luis Cherena 0-0: Called Strike
0-1: Ball
1-1: Ball
2-1: 2-RUN HOME RUN (Line Drive, 7D), Distance : 352 ft
Batting: LHB Steve Arnold 0-0: Swinging Strike
0-1: Swinging Strike
0-2: Ball
1-2: Ball
2-2: Strikes out swinging
Batting: RHB Vincente Ramírez 0-0: Foul Ball, location: 2F
0-1: Ground out 5-3 (Groundball, 56S)
Bottom of the 6th over - 2 runs, 1 hit, 0 errors, 0 left on base; Saskatoon 5 - Eau Claire 3
TOP OF THE 7TH
Saskatoon Smokin' Guns batting - Pitching for Eau Claire Esquires : LHP Mike Barr
Batting: RHB Johnny Hawson 0-0: Ball
1-0: Ball
2-0: Foul Ball, location: 2F
2-1: Swinging Strike
2-2: Foul Ball, location: 2F
2-2: Foul Ball, location: 2F
2-2: Strikes out swinging
Batting: LHB José Domínguez 0-0: Foul Ball, location: 2F
0-1: Ball
1-1: DOUBLE (Line Drive, 78D)
Batting: RHB Juan Cardenas 0-0: Ball
1-0: SINGLE (Groundball, 56D)
José Domínguez to third
Runner from 3rd tries for Home, SAFE, no throw
Pitching: LHP Raúl Rivas
Batting: RHB Mike Ratzlaff 0-0: Ball
1-0: Called Strike
1-1: Ball
2-1: Called Strike
2-2: SINGLE (Flyball, 8RS)
Juan Cardenas to second
Batting: SHB Mathew Olson 0-0: Called Strike
0-1: Ball
1-1: Ball
2-1: Ball
3-1: Base on Balls
Juan Cardenas to third
Mike Ratzlaff to second
Batting: LHB Rubén Salazar 0-0: Called Strike
0-1: Swinging Strike
0-2: Grounds into fielders choice 1-2 (Groundball, P)
Mike Ratzlaff to third
Mathew Olson to second
Batting: RHB Rafael Gonzáles 0-0: Ball
1-0: Ball
2-0: Ball
3-0: Called Strike
3-1: Base on Balls
Mike Ratzlaff scores
Mathew Olson to third
Rubén Salazar to second
Batting: SHB Ramiro Medrano 0-0: Ball
1-0: Called Strike
1-1: Ball
2-1: Ball
3-1: Fielders Choice at 2nd, 6-4 (Groundball, 6)
Top of the 7th over - 2 runs, 3 hits, 0 errors, 3 left on base; Saskatoon 7 - Eau Claire 3
BOTTOM OF THE 7TH
Eau Claire Esquires batting - Pitching for Saskatoon Smokin' Guns : LHP Jorge Gatán
Pitching: RHP John Gill
Batting: RHB Nick McIntyre 0-0: Called Strike
0-1: Foul Ball, location: 2F
0-2: Ground out 6-3 (Groundball, 6)
Batting: RHB Matt Cole 0-0: Foul Ball, location: 2F
0-1: Ball
1-1: Called Strike
1-2: Ground out 6-3 (Groundball, 6)
Batting: RHB Jason Smith 0-0: Swinging Strike
0-1: Foul Ball, location: 2F
0-2: Strikes out looking
Bottom of the 7th over - 0 runs, 0 hits, 0 errors, 0 left on base; Saskatoon 7 - Eau Claire 3
TOP OF THE 8TH
Saskatoon Smokin' Guns batting - Pitching for Eau Claire Esquires : LHP Raúl Rivas
Batting: RHB Robbie Jenkins 0-0: Foul Ball, location: 2F
0-1: Ball
1-1: Ball
2-1: Ground out 5-3 (Groundball, 56)
Batting: RHB Johnny Hawson 0-0: Ball
1-0: Ball
2-0: Called Strike
2-1: Swinging Strike
2-2: Strikes out swinging
Batting: LHB José Domínguez 0-0: Called Strike
0-1: Foul Ball, location: 2F
0-2: Ball
1-2: SINGLE (Groundball, 3D)
Batting: RHB Juan Cardenas 0-0: Called Strike
0-1: DOUBLE (Groundball, 5L)
José Domínguez to third
Runner from 3rd tries for Home, SAFE, no throw
Batting: RHB Mike Ratzlaff 0-0: Called Strike
0-1: Ball
1-1: Ball
2-1: SINGLE (Flyball, 78S)
Juan Cardenas to third
Runner from 3rd tries for Home, SAFE, no throw
Pitching: LHP John Smith
Batting: SHB Mathew Olson 0-0: Ball
1-0: Called Strike
Throwing error on steal attempt, E2
Mike Ratzlaff to third
1-1: Swinging Strike
1-2: Strikes out swinging
Top of the 8th over - 2 runs, 3 hits, 1 error, 1 left on base; Saskatoon 9 - Eau Claire 3
BOTTOM OF THE 8TH
Eau Claire Esquires batting - Pitching for Saskatoon Smokin' Guns : RHP John Gill
Batting: LHB Johnny Foley 0-0: Ball
1-0: Foul Ball, location: 2F
1-1: Swinging Strike
1-2: SOLO HOME RUN (Flyball, 9D), Distance : 365 ft
Batting: RHB Jonathan Reynolds 0-0: Ball
1-0: SINGLE (Groundball, 4MD)
Batting: RHB Silas Small 0-0: Foul Ball, location: 2F
0-1: Fly out, F5 (Line Drive, 56)
Batting: RHB Luis Cherena 0-0: Called Strike
0-1: Called Strike
0-2: SINGLE (Groundball, 6D)
Jonathan Reynolds to second
Batting: LHB Steve Arnold 0-0: Swinging Strike
0-1: SINGLE (Flyball, 8RS)
Jonathan Reynolds to third
Luis Cherena to second
Runner from 3rd tries for Home, SAFE, throw made home
Pitching: RHP Artie Smith
Batting: RHB Vincente Ramírez 0-0: Grounds into double play, 3-6-3 (Groundball, 34)
Bottom of the 8th over - 2 runs, 4 hits, 0 errors, 1 left on base; Saskatoon 9 - Eau Claire 5
TOP OF THE 9TH
Saskatoon Smokin' Guns batting - Pitching for Eau Claire Esquires : LHP John Smith
Batting: LHB Rubén Salazar 0-0: Called Strike
0-1: Foul Ball, location: 2F
0-2: Foul Ball, location: 2F
0-2: Ball
1-2: Ball
2-2: Strikes out swinging
Batting: RHB Rafael Gonzáles 0-0: Foul Ball, location: 2F
0-1: Ball
1-1: Ball
2-1: Ball
3-1: Swinging Strike
3-2: Foul Ball, location: 2F
3-2: Foul Ball, location: 2F
3-2: Strikes out swinging
Batting: SHB Ramiro Medrano 0-0: Ball
1-0: Foul Ball, location: 2F
1-1: Foul Ball, location: 2F
1-2: Foul Ball, location: 2F
1-2: Ball
2-2: Ball
3-2: Foul Ball, location: 2F
3-2: Ground out 5-3 (Groundball, 56S)
Top of the 9th over - 0 runs, 0 hits, 0 errors, 0 left on base; Saskatoon 9 - Eau Claire 5
BOTTOM OF THE 9TH
Eau Claire Esquires batting - Pitching for Saskatoon Smokin' Guns : RHP Artie Smith
Batting: RHB Nick McIntyre 0-0: Foul Ball, location: 2F
0-1: Ball
1-1: Fly out, F9 (Flyball, 9S)
Batting: RHB Matt Cole 0-0: Ball
1-0: Ball
2-0: Fly out, F4 (Popup, 4)
Batting: RHB Jason Smith 0-0: Ball
1-0: Ball
2-0: Hit by Pitch
Batting: LHB Johnny Foley 0-0: Ball
1-0: Called Strike
1-1: Foul Ball, location: 2F
1-2: Ball
2-2: Strikes out looking
Bottom of the 9th over - 0 runs, 0 hits, 0 errors, 1 left on base; Saskatoon 9 - Eau Claire 5
Saturday, December 16th, 2017 - OOTP Baseball 18.8 Build 76